 Dungeon Crawl Stone Soup version 0.17-a0-1403-g9df874c (webtiles) character file.

777 Fluffy the Carver (level 7, 0/51 HPs)
             Began as a Demonspawn Gladiator on June 20, 2015.
             Succumbed to an orc wizard's poison
             ... on level 4 of the Dungeon.
             The game lasted 00:10:21 (4197 turns).

Fluffy the Carver (Demonspawn Gladiator)            Turns: 4197, Time: 00:10:21

Health: 0/51       AC: 16    Str: 18    XL:     7   Next: 54%
Magic:  7/7        EV:  8    Int:  9    God:
Gold:   196        SH:  0    Dex: 13    Spells: 0 memorised, 6 levels left

rFire  . . .     SeeInvis .     a - +0 long sword
rCold  . . .     Clarity  .     o - +0 chain mail
rNeg   . . .     SustAt   .     (no shield)
rPois  .         Gourm    .     c - +0 helmet
rElec  .         Spirit   .     (no cloak)
rCorr  .         Warding  .     (no gloves)
rMut   .         Stasis   .     k - +0 pair of boots
MR     .....                    (no amulet)
Stlth  ..........               (no ring)
                                (no ring)

@: lethally poisoned (0 -> -38), not resistant to hostile enchantments,
extremely unstealthy
A: hooves 1, iridescent scales 2, demonic guardian 1, powered by pain 2
a: no special abilities


You were on level 4 of the Dungeon.
You were not hungry.

You visited 1 branch of the dungeon, and saw 4 of its levels.

You collected 196 gold pieces.

Inventory:

Hand weapons
 a - a +0 long sword (weapon)
Missiles
 d - 3 throwing nets
 n - 4 tomahawks (quivered)
Armour
 c - a +0 helmet (worn)
 k - a +0 pair of boots (worn)
 o - a +0 chain mail (worn)
 s - the +3 leather armour of the Doge {MP+9, unknown}
   (You found it on level 4 of the Dungeon)

   It affects your magic capacity (+9).
Scrolls
 g - 3 scrolls of identify {unknown}
 h - 5 scrolls of noise {unknown}
 l - a scroll of teleportation {unknown}
 p - a scroll of immolation {unknown}
 q - a scroll of blinking {unknown}
 r - a scroll of fear {unknown}
Potions
 b - 2 potions of poison {unknown}
 j - 2 potions of cancellation
 m - a potion of might {unknown}
Comestibles
 e - 3 bread rations
 f - 2 beef jerkies
 i - 3 meat rations


   Skills:
 + Level 2.3 Fighting
 + Level 8.0 Long Blades
 - Level 1.7 Throwing
 + Level 1.0 Armour
 - Level 2.6 Dodging


You had 6 spell levels left.
You didn't know any spells.

Dungeon Overview and Level Annotations

Branches:
Dungeon (4/15)
 Temple: D:4-7

Altars:
Cheibriados
Dithmenos
Nemelex Xobeh
Okawaru
Ru
Sif Muna
The Shining One


Innate Abilities, Weirdness & Mutations

You have large cloven feet.
You are mostly covered in iridescent scales (AC +6).
A weak demonic guardian rushes to your aid.
You sometimes gain power by taking damage.


Message History

You feel sick.
The orc wizard hits you but does no damage.
You are more poisoned.
You hit the orc wizard but do no damage.
The orc wizard is severely wounded.
* * * LOW HITPOINT WARNING * * *
You feel very sick. The orc hits you but does no damage.
The orc wizard hits you but does no damage.
You barely miss the orc wizard.
The orc wizard is severely wounded.
* * * LOW HITPOINT WARNING * * *
You feel very sick.
The orc wizard hits you with a dagger of venom.
* * * LOW HITPOINT WARNING * * *
You are more poisoned.
The orc hits you but does no damage.
Drink which item? (? for menu, Esc to quit)
It was a potion of cancellation.
You feel magically purged.
You die...

###...............
......#......#.......<..
......#.....###.........
####.>.......# .........#
..........# #.........
.#....#.....##.........
##......................
#.....##....o.........
##......#.....@o....... ###....
.......(........ .##..#
.#............... . ##...#
#.........()##...... #.
.....##..........(## ..... ...#
.......#...........## ..........
......#.............##...........
...)((...#........#.>............
.........##..#...##..##......#...


You could see an orc wizard and an orc.

Vanquished Creatures
  A phantom (D:4)
  The ghost of urechis the Poker, a weakling MfGl (D:3)
  A hound (D:4)
  An orc priest (D:3)
  2 orc wizards (D:3)
  Jessica (D:3)
  2 worker ants
  Natasha (twice) (D:2)
  5 adders
  3 oozes
  2 worms (D:2)
  A giant gecko (D:4)
  9 orcs
  6 bats
  A bat skeleton (D:4)
  4 giant cockroaches
  12 hobgoblins
  A ball python (D:3)
  5 giant newts
  8 goblins
  8 kobolds
  9 rats
85 creatures vanquished.

Vanquished Creatures (collateral kills)
  Grinder (D:4)
  An ogre (D:4)
  Blork the orc (D:3)
  Natasha (D:2)
  A worker ant (D:4)
  An orc (D:3)
  A rat (D:4)
7 creatures vanquished.

Grand Total: 92 creatures vanquished

Notes
Turn   | Place    | Note
--------------------------------------------------------------
     0 | D:1      | Fluffy the Demonspawn Gladiator began the quest for the Orb.
     0 | D:1      | Reached XP level 1. HP: 16/16 MP: 1/1
   102 | D:1      | Reached skill level 3 in Long Blades
   465 | D:1      | Gained mutation: A weak demonic guardian rushes to your aid. [demonic ancestry]
   465 | D:1      | Reached XP level 2. HP: 20/22 MP: 2/2
  1228 | D:2      | Gained mutation: You are partially covered in iridescent scales (AC +4). [demonic ancestry]
  1228 | D:2      | Reached XP level 3. HP: 22/27 MP: 3/3
  1240 | D:2      | Reached skill level 4 in Long Blades
  1519 | D:2      | Noticed Natasha
  1522 | D:2      | Killed Natasha
  1522 | D:2      | Gained mutation: You are mostly covered in iridescent scales (AC +6). [demonic ancestry]
  1522 | D:2      | Reached XP level 4. HP: 33/33 MP: 4/4
  1582 | D:2      | Found a sparkling altar of Nemelex Xobeh.
  1712 | D:2      | Noticed Natasha
  1720 | D:2      | Killed Natasha
  1781 | D:2      | Noticed Natasha
  1785 | D:2      | Killed Natasha
  1896 | D:2      | Reached skill level 5 in Long Blades
  1906 | D:2      | Found a sparkling altar of Nemelex Xobeh.
  1990 | D:3      | Gained mutation: You sometimes gain a little power by taking damage. [demonic ancestry]
  1990 | D:3      | Reached XP level 5. HP: 19/38 MP: 5/5
  2426 | D:3      | Noticed Blork the orc
  2608 | D:3      | Reached skill level 6 in Long Blades
  2806 | D:3      | Gained mutation: You have large cloven feet. [demonic ancestry]
  2806 | D:3      | Reached XP level 6. HP: 44/44 MP: 6/6
  2817 | D:3      | Found a glowing golden altar of the Shining One.
  2975 | D:3      | Noticed Jessica
  2978 | D:3      | Found a sacrificial altar of Ru.
  2983 | D:3      | Killed Jessica
  2997 | D:3      | Found a shadowy altar of Dithmenos.
  3013 | D:3      | Found a snail-covered altar of Cheibriados.
  3028 | D:3      | Noticed urechis's ghost (weakling MfGl)
  3038 | D:3      | Killed urechis's ghost
  3088 | D:3      | Found an iron altar of Okawaru.
  3340 | D:3      | Found a deep blue altar of Sif Muna.
  3343 | D:3      | Killed Blork the orc
  3760 | D:4      | Got a brightly glowing leather armour
  3784 | D:4      | Reached skill level 7 in Long Blades
  3943 | D:4      | Gained mutation: You sometimes gain power by taking damage. [demonic ancestry]
  3943 | D:4      | Reached XP level 7. HP: 46/50 MP: 7/7
  3968 | D:4      | Noticed Grinder
  3981 | D:4      | Killed Grinder
  3981 | D:4      | Reached skill level 8 in Long Blades
  4174 | D:4      | Reached skill level 1 in Armour
  4197 | D:4      | Succumbed to an orc wizard's poison

Vault maps used:
D:1:      lemuel_arrival_funnel
D:2:      nemelex_xobeh_ov_fountains_minmay, first_bread,
          nemelex_dance_club_becter, uniq_natasha
D:3:      wad_lake_hut, grunt_dithmenos_smoke_and_mirrors, tgw_sif,
          okawaru_metal_pillars_1_2, old_standard_altar, lemuel_crystal_altar,
          nicolae_tso_swordbearing_angel, uniq_jessica
D:4:      temple_pool_b, uniq_grinder

Action                   |  1- 3 |  4- 6 |  7- 9 || total
-------------------------+-------+-------+-------++-------
Melee: Long sword        |    98 |   218 |    28 ||   344
Throw: Tomahawk          |       |       |     4 ||     4
  Use: Potion            |       |       |     1 ||     1
 Stab: Distracted        |       |     2 |       ||     2
  Eat: Chunk             |     2 |     8 |     1 ||    11
